 Dungeon Crawl Stone Soup version 0.20-a0-705-gbe8799e (webtiles) character file.

2377 M4edhros the Spear-Bearer (level 9, -2/56 HPs)
             Began as an Octopode Chaos Knight on Feb 21, 2017.
             Slain by Prince Ribbit (13 damage)
             ... on level 7 of the Dungeon.
             The game lasted 00:16:34 (30310 turns).

M4edhros the Spear-Bearer (Octopode Chaos Knight)  Turns: 30310, Time: 00:16:34

Health: -2/56      AC:  6    Str: 11      XL:     9   Next: 45%
Magic:  0/7        EV: 13    Int: 13 (14) God:    Xom [.*....]
Gold:   241        SH:  9    Dex: 15      Spells: 8/8 levels left

rFire    + . .     SeeInvis .   a - +1 spear (chaos)
rCold    . . .     Gourm    .   i - +2 buckler {AC+3}
rNeg     . . .     Faith    .   (helmet restricted)
rPois    .         Spirit   +   u - amulet of guardian spirit
rElec    .         Reflect  .   f - ring of stealth
rCorr    .         Harm     .   (no ring)
MR       +....                  (no ring)
Stlth    +++.......             (no ring)
Regen    0.2/turn               (no ring)
MPRegen  0.1/turn               (no ring)
                                (no ring)
                                (no ring)

@: no status effects
A: almost no armour, stealthy swim, amphibious, 8 rings, constrict 8, tentacle
spike 1, large bone plates 1, slimy green scales 1, camouflage 1, fire
resistance 1, low mp 2, magic resistance 1, sense surroundings 1, gelatinous
body 1, evolution 1
a: Renounce Religion


You were on level 7 of the Dungeon.
You worshipped Xom.
You were a plaything of Xom.
You were very hungry.

You visited 2 branches of the dungeon, and saw 8 of its levels.
You also visited: Sewer.

You collected 241 gold pieces.

Inventory:

Hand Weapons
 a - a +1 spear of chaos (weapon)
 g - a +0 hunting sling
Missiles
 h - 246 stones (quivered)
Armour
 i - a +2 buckler of protection (worn)
Jewellery
 f - a ring of stealth (left tentacle)
 p - an uncursed ring of ice {unknown}
 u - an amulet of guardian spirit (around mantle)
 v - an uncursed amulet of harm
Wands
 m - a wand of flame (6/48)
 o - a wand of iceblast (1/15)
 C - a wand of enslavement (9/24)
 E - a wand of iceblast (7/15)
 F - a wand of paralysis (10/24)
Scrolls
 c - 5 scrolls of remove curse
 d - 2 scrolls of teleportation
 k - 2 scrolls of recharging {unknown}
 l - 5 scrolls of blinking
 r - a scroll of fear
 w - a scroll of amnesia {unknown}
 y - 2 scrolls of identify
Potions
 e - 4 potions of heal wounds {unknown}
 j - 3 potions of curing
 q - 2 potions of magic {unknown}
 t - a potion of brilliance {unknown}
 x - a potion of flight {unknown}
 z - 2 potions of might {unknown}
 A - a potion of degeneration {unknown}
 B - 2 potions of lignification {unknown}
Miscellaneous
 n - a lightning rod (inert)
Comestibles
 D - 9 fruits


   Skills:
 - Level 3.0 Fighting
 + Level 12.4 Polearms
 - Level 2.3 Dodging


You had 8 spell levels left.
You didn't know any spells.

Dungeon Overview and Level Annotations

Branches:
Dungeon (7/15)             Temple (1/1) D:6

Altars:
Ashenzari
Dithmenos
Elyvilon
Fedhas
Gozag
Hepliaklqana Ieoh Jian
Kikubaaqudgha
Makhleb
Nemelex Xobeh
Okawaru
Qazlal
Ru
Sif Muna
Trog
Uskayaw
Xom
Yredelemnul
The Shining One

Annotations:
D:7 Prince Ribbit


Innate Abilities, Weirdness & Mutations

You cannot wear most types of armour.
You are very stealthy in the water. (Stealth+)
You are amphibious.
You can wear up to eight rings at the same time.
You can use your tentacles to constrict eight enemies at once.
Your skin changes colour to match your surroundings (Stealth+).
Your rubbery body absorbs attacks. (AC +1, EV +1)
One of your tentacles bears a spike.
You are partially covered in large bone plates. (SH +4)
You are partially covered in slimy green scales. (AC +2)
Your flesh is heat resistant. (rF+)
Your magical capacity is very low. (-20% MP)
You are resistant to hostile enchantments. (MR+)
You passively map a small area around you.
You evolve.


Message History

No target in view!
You hit something. You freeze something. Your squeeze misses something.
Something hits you!
You miss something.
Your tentacle spike misses something.
Something hits you but does no damage.
You miss something. Something hits you but does no damage.
You closely miss something. Your squeeze misses something. You miss something.
Your tentacle spike misses something.
Your squeeze misses something. Something hits you.
You are feeling very hungry.
You completely miss something.
Found 17 bolts.
Something hits you! Something hits you!
* * * LOW HITPOINT WARNING * * *
Something hits you.
* * * LOW HITPOINT WARNING * * *
You feel better. Something hits you!
You die... "Huh?
Did I miss anything?"

#####.........#
#
##.....#####..##
# #.....^# #.# #
#..#..8.## ...
.. *#. ##....#
## #.# , #..8.#
, ..# ,
+....####### , ,
,#..8{....... ,
, ,
#..@........, *
, #..8.####....
, #.....#.. ., ,
######..... , ,
....... **
....).. ,, *
....... *.(.....
,


There were no monsters in sight!

Vanquished Creatures
  The ghost of aves the Cleaver, a novice VSFi (D:6)
  A phantom (D:5)
  3 ogres
  A centaur (D:6)
  3 bullfrogs
  5 scorpions
  A howler monkey (D:3)
  A crimson imp (D:6)
  A bullfrog zombie (D:5)
  A quasit (D:5)
  A centaur zombie (D:6)
  3 orc priests (D:5)
  A gnoll shaman (D:4)
  2 hounds
  A centaur skeleton (D:5)
  5 orc wizards
  Ijyb (D:2)
  Natasha (twice) (D:2)
  2 worker ants
  A hound skeleton (D:1)
  4 gnolls (D:4)
  2 howler monkey skeletons
  13 adders
  A river rat (D:2)
  A white imp (D:6)
  12 oozes
  2 worms
  4 dart slugs
  7 leopard geckos
  A leopard gecko (shapeshifter) (D:1)
  19 orcs
  An orc (shapeshifter) (D:1)
  9 bats
  24 giant cockroaches
  12 goblins
  13 hobgoblins
  11 jackals
  5 quokkas
  14 ball pythons
  17 frilled lizards
  A giant cockroach zombie (D:6)
  10 kobolds
  A leopard gecko zombie (D:5)
  A quokka skeleton (D:4)
  A quokka zombie (D:5)
  16 rats
239 creatures vanquished.

Vanquished Creatures (collateral kills)
  A jelly (D:6)
  A quokka (D:6)
2 creatures vanquished.

Vanquished Creatures (others)
  An ooze (Sewer)
  A jackal (D:1)
2 creatures vanquished.

Grand Total: 243 creatures vanquished

Notes
Turn   | Place    | Note
-------+----------+-------------------------------------------
     0 | D:1      | M4edhros the Octopode Chaos Knight began the quest for the Orb.
     0 | D:1      | Reached XP level 1. HP: 16/16 MP: 1/1
   372 | D:1      | XOM: divination: detect creatures
   733 | D:1      | XOM: silly message
  1634 | D:1      | XOM is BORED!
  1634 | D:1      | XOM: noise
  1691 | D:1      | XOM: butterfly on damage
  1693 | D:1      | XOM: 5-stop teleportation journey
  1726 | D:1      | Reached XP level 2. HP: 6/21 MP: 2/2
  2066 | D:1      | XOM: harmless Divn miscast
  2218 | D:1      | XOM: mild Hex miscast
  2626 | D:1      | Reached skill level 4 in Polearms
  2999 | D:1      | XOM: 1-stop teleportation journey
  3054 | D:1      | XOM: harmless Tloc miscast
  3457 | D:1      | XOM: scenery: 4 doors close
  3486 | D:1      | XOM: 1-stop teleportation journey
  3748 | D:1      | XOM: 4-stop teleportation journey
  3752 | D:1      | Reached XP level 3. HP: 26/26 MP: 3/3
  3821 | D:1      | XOM: harmless Conj miscast
  4131 | D:1      | Gained mutation: You are frail. (-10% HP) [mutagenic meat]
  4132 | D:1      | Gained mutation: You are agile. (Dex +2) [mutagenic meat]
  4133 | D:1      | Gained mutation: You passively map a small area around you. [mutagenic meat]
  4134 | D:1      | Lost mutation: You are frail. (-10% HP) [mutagenic meat]
  4703 | D:1      | Found a sparkling altar of Nemelex Xobeh.
  4774 | D:1      | Reached XP level 4. HP: 31/31 MP: 4/4
  5311 | D:1      | XOM: 3-stop teleportation journey
  5848 | D:1      | XOM: god gift: 14 gold pieces
  6244 | D:1      | XOM: god gift: 22 stones
  6449 | D:1      | XOM: god gift: runed buckler {god gift}
  6910 | D:1      | XOM: enchant monster (good)
  6921 | D:1      | Reached skill level 5 in Polearms
  7051 | D:2      | Noticed Ijyb
  7061 | D:2      | Killed Ijyb
  7061 | D:2      | Reached XP level 5. HP: 32/36 MP: 5/5
  7071 | D:2      | Noticed Natasha
  7082 | D:2      | Killed Natasha
  7154 | D:2      | XOM: god gift: lightning rod (4/4)
  7195 | D:2      | XOM: mild Ice miscast
  7329 | D:2      | XOM: god gift: crooked bone wand {god gift}
  7725 | D:1      | XOM: give mutations
  7725 | D:1      | Gained mutation: You are weak. (Str -2) [Xom's mischief]
  7725 | D:1      | Lost mutation: You are weak. (Str -2) [Xom's mischief]
  7941 | D:1      | Reached skill level 6 in Polearms
  8346 | D:1      | XOM: god gift: 18 stones
  8349 | D:1      | XOM: scenery: create altars
  8429 | D:1      | XOM: cloud trail
  8525 | D:2      | Noticed Natasha
  8534 | D:2      | Killed Natasha
  8698 | D:1      | XOM: give mutations
  8698 | D:1      | Gained mutation: You have an increased reservoir of magic. (+10% MP) [Xom's grace]
  8698 | D:1      | Gained mutation: You have supernaturally acute eyesight. (SInv) [Xom's grace]
  8980 | D:1      | XOM: cloud trail
  9179 | D:1      | Reached XP level 6. HP: 42/42 MP: 6/6
  9276 | D:1      | XOM: give mutations
  9276 | D:1      | Gained mutation: You can translocate small distances at will. [Xom's grace]
  9276 | D:1      | Gained mutation: Your muscles are strong. (Str +2) [Xom's grace]
  9544 | D:2      | Noticed Natasha
  9555 | D:2      | Noticed Natasha
  9555 | D:2      | Natasha changed into Natasha the river rat
  9556 | D:2      | XOM: summons friendly quasit
  9558 | D:2      | Killed Natasha the river rat
  9578 | D:1      | Noticed a catoblepas
 10084 | D:1      | XOM: cloud trail
 10309 | D:1      | XOM: god gift: sack of spiders
 10964 | D:1      | XOM: give mutations
 10964 | D:1      | Gained mutation: You are resistant to hostile enchantments. (MR+) [Xom's grace]
 10964 | D:1      | Gained mutation: One of your tentacles bears a spike. [Xom's grace]
 10964 | D:1      | Gained mutation: You are very agile. (Dex +4) [Xom's grace]
 10964 | D:1      | Gained mutation: You evolve. [Xom's grace]
 11039 | D:2      | XOM: harmless Divn miscast
 11168 | D:2      | XOM is BORED!
 11168 | D:2      | XOM: noise
 12004 | D:3      | XOM: god gift: short sword {god gift}
 12361 | D:3      | Reached skill level 7 in Polearms
 12996 | D:3      | XOM: noise
 13189 | D:3      | XOM: cloud trail
 13256 | D:3      | XOM: harmless Divn miscast
 13300 | D:3      | XOM is BORED!
 13585 | D:3      | XOM: harmless Erth miscast
 13711 | D:3      | XOM: divination: magic mapping
 13807 | D:3      | XOM: harmless Tmut miscast
 14248 | D:3      | XOM: harmless Necr miscast
 14522 | D:3      | XOM: potion effect (haste)
 14533 | D:3      | Reached XP level 7. HP: 46/46 MP: 7/7
 14864 | D:3      | XOM: cloud trail
 15231 | D:3      | XOM: harmless Hex miscast
 15600 | D:4      | Reached skill level 8 in Polearms
 15906 | D:4      | Gained mutation: You tend to lose your temper in combat. [evolution]
 15936 | D:4      | Found a glowing drain.
 15951 | Sewer    | Entered a sewer
 16279 | Sewer    | XOM: harmless Tmut miscast
 16638 | Sewer    | XOM: noise
 16962 | Sewer    | XOM: 2-stop teleportation journey
 16991 | Sewer    | Reached skill level 9 in Polearms
 17669 | Sewer    | XOM: harmless Pois miscast
 17707 | Sewer    | XOM: give mutations
 17707 | Sewer    | Gained mutation: Your mind is acute. (Int +2) [Xom's mischief]
 17707 | Sewer    | Lost mutation: You tend to lose your temper in combat. [Xom's mischief]
 17707 | Sewer    | Lost mutation: You are very agile. (Dex +4) [Xom's mischief]
 17952 | Sewer    | Reached XP level 8. HP: 52/52 MP: 8/8
 18053 | D:4      | XOM: smoke on damage
 18055 | D:4      | Found a bloodstained altar of Trog.
 18236 | D:4      | XOM: god gift: scroll labeled QUERAI CIEFF {god gift}
 18242 | D:4      | Found a sparkling altar of Nemelex Xobeh.
 18257 | D:5      | Entered Level 5 of the Dungeon
 18277 | D:5      | Found a bloodstained altar of Trog.
 18288 | D:5      | XOM: potion effect (might)
 18294 | D:5      | Reached skill level 10 in Polearms
 18518 | D:4      | XOM: summons 4 hostile demons
 18717 | D:4      | XOM: noise
 19420 | D:4      | XOM: give mutations
 19420 | D:4      | Lost mutation: You have an increased reservoir of magic. (+10% MP) [Xom's mischief]
 19420 | D:4      | Lost mutation: You can translocate small distances at will. [Xom's mischief]
 19432 | D:4      | XOM: medium Divn miscast
 19682 | D:4      | XOM: harmless Conj miscast
 20499 | D:5      | XOM: harmless Ice miscast
 21764 | D:5      | XOM: cloud trail
 22091 | D:5      | XOM: mild Conj miscast
 22205 | D:5      | XOM: give mutations
 22205 | D:5      | Lost mutation: Your mind is acute. (Int +2) [Xom's mischief]
 22205 | D:5      | Lost mutation: You have supernaturally acute eyesight. (SInv) [Xom's mischief]
 22205 | D:5      | Lost mutation: You are agile. (Dex +2) [Xom's mischief]
 22205 | D:5      | Gained mutation: Your magical capacity is low. (-10% MP) [Xom's mischief]
 22654 | D:5      | XOM is BORED!
 22654 | D:5      | XOM: give mutations
 22654 | D:5      | Lost mutation: Your muscles are strong. (Str +2) [Xom's mischief]
 22654 | D:5      | Gained mutation: Your magical capacity is very low. (-20% MP) [Xom's mischief]
 22711 | D:5      | Reached skill level 11 in Polearms
 23070 | D:5      | XOM: give mutations
 23070 | D:5      | Gained mutation: Your flesh is heat resistant. (rF+) [Xom's grace]
 23070 | D:5      | Gained mutation: You are partially covered in slimy green scales. (AC +2) [Xom's grace]
 23070 | D:5      | Gained mutation: You are partially covered in large bone plates. (SH +4) [Xom's grace]
 23261 | D:5      | XOM: 5-stop teleportation journey
 23340 | D:6      | Found a staircase to the Ecumenical Temple.
 23340 | D:6      | Found a hide-covered altar of Uskayaw.
 23340 | D:6      | XOM: 8-stop teleportation journey
 23363 | D:6      | XOM: polymorph quasit -> white imp
 23375 | D:6      | XOM: scenery: create altars
 23378 | D:6      | Reached XP level 9. HP: 55/56 MP: 5/7
 23476 | D:6      | Noticed aves's ghost (novice VSFi)
 23936 | D:6      | Killed aves's ghost
 23936 | D:6      | Reached skill level 12 in Polearms
 23936 | D:6      | XOM: harmless Hex miscast
 24018 | D:6      | Found a blossoming altar of Fedhas.
 24109 | Temple   | Entered the Ecumenical Temple
 24280 | D:6      | XOM: mild Fire miscast
 24556 | Temple   | XOM: 3-stop teleportation journey
 25052 | Temple   | XOM: noise
 25318 | Temple   | XOM: mild Air miscast
 25330 | Temple   | XOM: mild Hex miscast
 25405 | Temple   | XOM: summons 4 hostile demons
 26098 | Temple   | XOM: severe Chrm miscast
 26358 | Temple   | XOM: medium Air miscast
 27608 | Temple   | XOM: severe Chrm miscast
 27966 | Temple   | XOM is BORED!
 27966 | Temple   | XOM: mild Ice miscast
 28313 | Temple   | XOM: mild Hex miscast
 28373 | Temple   | XOM is BORED!
 28373 | Temple   | XOM: noise
 28702 | Temple   | XOM: medium Tloc miscast
 29330 | Temple   | XOM: mild Chrm miscast
 29748 | Temple   | XOM: scenery: 1 doors open, 1 doors close
 29900 | Temple   | XOM: scenery: 1 doors open, 1 doors close
 30006 | Temple   | XOM: stat loss: -1 Int (13/14)
 30201 | Temple   | XOM is BORED!
 30201 | Temple   | XOM: summons 4 hostile demons
 30289 | D:7      | Noticed Prince Ribbit
 30310 | D:7      | Slain by Prince Ribbit

Vault maps used:
D:1:      lightli_arrival_isolated_outpost, nemelex_diamond_rough_becter
D:2:      hangedman_abyss_or_decor_stabs, nicolae_ru_path_of_blood, uniq_iyjb,
          uniq_natasha
D:3:      first_bread, corexii_hall_statues_i
D:4:      nicolae_overflow_hidden_temple, gup_sewer_entry_pipe, st_stairs_6,
          trog_butcher_becter
D:5:      overflow_temple_1_default
D:6:      eat_drink_and_be_merry_uskayaw, minmay_temple_entry_junction_2,
          fedhas_altar_fruit_tree
D:7:      zin_statuary, uniq_prince_ribbit1
Temple:   regret_index_temple_generic_petals
Sewer:    sewer_frog_island_02

Skill      XL: |  1  2  3  4  5  6  7  8  9 |
---------------+----------------------------+-----
Polearms       | 4 5 6 7 9 11 12 | 12.4
Fighting       | |  3.0
Dodging        | |  2.3

Action                   |  1- 3 |  4- 6 |  7- 9 || total
-------------------------+-------+-------+-------++-------
Melee: Spear             |    81 |   156 |   453 ||   690
       Constrict         |    18 |    36 |    81 ||   135
       Tentacles         |    10 |    23 |    84 ||   117
       Kick              |       |    15 |   141 ||   156
Evoke: Lightning rod     |       |       |     4 ||     4
       Sack of spiders   |       |       |     5 ||     5
       Wand              |       |       |     3 ||     3
  Use: Scroll            |       |       |     8 ||     8
       Potion            |       |       |     2 ||     2
 Stab: Sleeping          |     3 |     7 |    11 ||    21
       Paralysed         |     1 |     1 |     3 ||     5
       Distracted        |     1 |     1 |     1 ||     3
       Confused          |       |     2 |       ||     2
       Petrified         |       |       |     4 ||     4
       Invisible         |       |       |     2 ||     2
  Eat: Chunk             |    16 |    25 |    29 ||    70
       Bread ration      |       |     1 |     3 ||     4
       Royal jelly       |       |       |     2 ||     2
       Fruit             |       |       |     1 ||     1
Armor: Skin              |     4 |    20 |    53 ||    77
Dodge: Dodged            |    38 |    59 |   145 ||   242
Block: Buckler           |       |    11 |    67 ||    78
